Map: Old Republic LE

Players

Bommel

  • Race: Terran Terran
  • Spawn Location: 1:00

HoldTheDoor - Winner!

  • Race: Protoss Protoss
  • League: Diamond
  • Spawn Location: 7:00

VOD

Have the link to the VOD?

Description

Time

  • Played on: May 1, 2026, 10:05 a.m.
  • Length: 4:13
Show
View Real Time Build Order
Export as new Build Order

Bommel Terran 

Build Orders:  

Get SALT Encoding   

  12  0:01  SCV  
  13  0:13  SCV  
  14  0:20  Supply Depot  
  14  0:25  SCV  
  15  0:31  Refinery  
  15  0:46  Barracks  
  15  0:59  Barracks  
  15  1:02  SCV  
  16  1:14  SCV  
  16  1:17  Supply Depot  
  17  1:26  Supply Depot  
  17  1:33  SCV  
  17  1:36  Barracks Tech Lab  
  18  1:45  SCV  
  18  1:46  Barracks Tech Lab  
  19  1:56  Marauder  
  21  2:05  Marauder  
  23  2:14  SCV  
  24  2:24  Concussive Shells  
  24  2:26  Marauder  
  26  2:34  Marauder  
  28  2:43  SCV, Barracks  
  29  2:47  Marauder  
  31  2:56  Marauder  
  31  2:57  SCV  
  34  3:09  Marauder  
  36  3:14  SCV  
  36  3:17  Marauder  
  36  3:37  Bunker  
Show
View Real Time Build Order
Export as new Build Order

HoldTheDoor Protoss - Winner!

Build Orders:  

Get SALT Encoding   

  12  0:00  Probe  
  13  0:12  Probe  
  14  0:17  Pylon  
  14  0:23  Probe  
  15  0:31  Probe  
  15  0:38  Gateway  
  15  0:40  Probe  
  16  0:49  Assimilator  
  17  0:50  Probe  
  18  1:03  Probe  
  19  1:15  Probe  
  19  1:18  Forge  
  20  1:25  Zealot  
  20  1:27  Probe, Cybernetics Core  
  20  1:30  Pylon  
  23  1:48  Probe  
  24  1:56  Photon Cannon  
  24  2:00  Probe  
  25  2:12  Probe  
  26  2:22  Warp Gate  
  26  2:24  Probe  
  26  2:28  Adept, Assimilator  
  27  2:31  Gateway  
  27  2:36  Shield Battery, Probe  
  28  2:37  Shield Battery  
  28  2:39  Pylon  
  30  2:45  Shield Battery  
  30  2:49  Probe  
  31  3:00  Stalker  
  31  3:02  Probe  
  34  3:14  Probe  
  35  3:20  Photon Cannon  
Tags
 
League
Diamond
Matchup
PvT
Replay Pack
SC2Mai2026
Spawn Locations
Cross Positions
Add a new tag
Caveats
  • Supply blocks, unpowered buildings, or Contaminate may cause inaccurate times.
  • Supply counts are checked every 10 seconds.